 Dungeon Crawl Stone Soup version 0.23-a0-644-gb60d84b635 (webtiles) character file.

3998 SupremeSnack the Prestidigitator (level 10, -3/111 HPs)
             Began as a Demonspawn Gladiator on Jan 1, 2019.
             Was a Follower of Okawaru.
             Slain by CheiIsBae's ghost (7 damage)
             ... on level 7 of the Dungeon.
             The game lasted 00:15:28 (6593 turns).

SupremeSnack the Prestidigitator (DsGl)             Turns: 6593, Time: 00:15:29

Health: -3/111     AC:  8    Str: 27    XL:     10   Next: 3%
Magic:  16/16      EV: 14    Int: 10    God:    Okawaru [*.....]
Gold:   296        SH:  0    Dex: 14    Spells: 9/9 levels left

rFire    + . .     SeeInvis .   C - +6 mace
rCold    . . .     Gourm    .   (no shield)
rNeg     . . .     Faith    .   j - +0 scale mail
rPois    .         Spirit   .   r - +1 helmet
rElec    .         Reflect  .   (no cloak)
rCorr    .         Harm     .   (no gloves)
MR       .....                  (no boots)
Stlth    ..........             g - amulet of rage
HPRegen  0.28/turn              h - +4 ring of strength
MPRegen  0.15/turn              n - ring of protection from fire

@: berserking (expiring), very quick
A: hooves 1, repulsion field 2, foul stench 1, spiny 2, rot immunity
a: Heroism, Renounce Religion, Evoke Berserk Rage


You were on level 7 of the Dungeon.
You worshipped Okawaru.
Okawaru was aware of your devotion.
You were hungry.

You visited 2 branches of the dungeon, and saw 8 of its levels.

You collected 296 gold pieces.

Inventory:

Hand Weapons
 a - a +0 long sword
 C - a +6 mace (weapon)
Missiles
 c - 57 bolts
 d - 4 throwing nets (quivered)
Armour
 j - a +0 scale mail (worn)
 r - a +1 helmet (worn)
 A - a +0 shield
Jewellery
 g - an amulet of rage (around neck)
 h - a +4 ring of strength (left hand)
 n - a ring of protection from fire (right hand)
Wands
 m - a wand of flame (41)
 t - a wand of polymorph (9)
 x - a wand of paralysis (3)
 y - a wand of digging (6)
Scrolls
 b - 7 scrolls of remove curse
 o - 3 scrolls of teleportation
 q - 3 scrolls of random uselessness
 s - a scroll of magic mapping {unknown}
 u - a scroll of noise {unknown}
 w - 2 scrolls of identify
 B - 2 scrolls of enchant weapon {unknown}
 E - a scroll of enchant armour {unknown}
 G - a scroll of blinking
Potions
 e - a potion of invisibility
 i - a potion of heal wounds {unknown}
 k - a potion of degeneration {unknown}
 l - a potion of flight {unknown}
 p - 3 potions of might {unknown}
 v - 2 potions of berserk rage {unknown}
 z - a potion of brilliance {unknown}
 F - a potion of ambrosia {unknown}
Comestibles
 f - 11 rations
 D - 2 chunks of flesh


   Skills:
 - Level 5.2 Fighting
 - Level 4.8 Long Blades
 * Level 5.2 Maces & Flails
 - Level 1.7 Throwing
 - Level 2.6 Dodging
 + Level 6.5 Shields
 + Level 3.6 Invocations
 - Level 8.3 Evocations


You had 9 spell levels left.
You didn't know any spells.
Your spell library was empty.

Dungeon Overview and Level Annotations

Branches:
Dungeon (7/15)             Temple (1/1) D:6

Altars:
Ashenzari
Cheibriados
Dithmenos
Elyvilon
Hepliaklqana
Kikubaaqudgha
Makhleb
Nemelex Xobeh
Okawaru
Qazlal
Ru
Trog
Uskayaw
Vehumet
Wu Jian
Xom
Yredelemnul
Zin
The Shining One

Shops:
D:6 %

Annotations:
D:7 CheiIsBae's ghost, novice DsGl


Innate Abilities, Weirdness & Mutations

You have large cloven feet.
You are surrounded by a moderate repulsion field. (EV +3)
You may emit foul miasma when damaged in melee.
You are mostly covered in sharp spines.
You are immune to rotting.


Message History

CheiIsBae's ghost closely misses you.
The ice beast hits you but does no damage.
You bludgeon the ice beast!!
You kill the ice beast!
Okawaru accepts your kill.
CheiIsBae's ghost is struck by your spines.
CheiIsBae's ghost closely misses you.
You bludgeon CheiIsBae's ghost!!
You kick CheiIsBae's ghost, but do no damage.
CheiIsBae's ghost is severely damaged.
You sock CheiIsBae's ghost!
You kick CheiIsBae's ghost, but do no damage.
CheiIsBae's ghost is almost destroyed.
CheiIsBae's ghost lets out a mournful wail.
CheiIsBae's ghost hits you but does no damage.
You barely miss CheiIsBae's ghost.
You kick CheiIsBae's ghost, but do no damage.
CheiIsBae's ghost is almost destroyed.
CheiIsBae's ghost hits you!
You die...

...
#.#####........#...
..
.......###.#####... .
........)..........
.. ###©###...........
## ## ###
##...####... #.. .#
.....##..# #... ..#
##...#. .#... #.##
#### ..
#$....W#..##Y.#.##
#.. .##.†@†.#...#..#
#..#.(...#.....#.##.#
#..##.##..=###....#.#
#... ..$$[..#..##.#
#...## .##### .###..#
#...####.©.####...##
#...............###
##........#######
##########


You could see CheiIsBae's ghost.

Vanquished Creatures
  Pikel (D:4)
  A manticore (D:6)
  A moth of wrath (D:7)
  A hippogriff (D:7)
  A yak (D:7)
  A phantom (D:4)
  2 ice beasts
  2 ogres
  A centaur (D:6)
  An eye of draining (D:6)
  A crocodile (D:7)
  3 bullfrogs
  2 scorpions
  9 killer bees (D:7)
  4 wights (D:7)
  A vampire bat (D:5)
  A howler monkey (D:6)
  4 crimson imps
  3 jellies
  A bullfrog skeleton (D:7)
  4 centaur skeletons
  5 hounds
  3 orc wizards (D:7)
  3 worker ants
  2 worker ant zombies (D:7)
  4 gnolls (D:7)
  10 adders
  A shadow imp (D:6)
  2 oozes
  An adder zombie (D:7)
  2 worms (D:2)
  A dart slug (D:1)
  3 leopard geckos (D:2)
  8 orcs
  15 bats
  3 giant cockroaches
  10 hobgoblins
  8 jackals
  6 kobolds
  4 quokkas
  2 ball pythons
  A frilled lizard (D:3)
  8 goblins
  A jackal skeleton (D:7)
  A jackal zombie (D:6)
  4 rats
153 creatures vanquished.

Vanquished Creatures (others)
  A scorpion (D:4)
  A worker ant (D:4)
  2 quokkas (D:4)
4 creatures vanquished.

Grand Total: 157 creatures vanquished

Notes
Turn   | Place    | Note
-------+----------+-------------------------------------------
     0 | D:1      | SupremeSnack the Demonspawn Gladiator began the quest for
                  | the Orb.
     0 | D:1      | Reached XP level 1. HP: 16/16 MP: 1/1
   262 | D:1      | Gained mutation: You are partially covered in sharp spines.
                  | [demonic ancestry]
   262 | D:1      | Reached XP level 2. HP: 16/23 MP: 2/2
   937 | D:1      | You fall through a shaft!
  1003 | D:2      | Gained mutation: You are immune to rotting. [demonic
                  | ancestry]
  1003 | D:2      | Reached XP level 3. HP: 28/29 MP: 3/3
  1006 | D:2      | Found a white marble altar of Elyvilon.
  1659 | D:2      | Gained mutation: You are mostly covered in sharp spines.
                  | [demonic ancestry]
  1659 | D:2      | Reached XP level 4. HP: 31/38 MP: 4/4
  2052 | D:3      | Found a bloodstained altar of Trog.
  2063 | D:3      | Reached skill level 5 in Fighting
  2252 | D:3      | Gained mutation: You are surrounded by a mild repulsion
                  | field. (EV +2) [demonic ancestry]
  2252 | D:3      | Reached XP level 5. HP: 44/44 MP: 5/5
  2498 | D:3      | Reached skill level 1 in Evocations
  2918 | D:4      | Noticed a slave
  2918 | D:4      | Noticed a slave
  2919 | D:4      | Noticed a slave
  2919 | D:4      | Noticed Pikel
  2919 | D:4      | Noticed a slave
  2958 | D:4      | Killed Pikel
  2958 | D:4      | Reached skill level 6 in Evocations
  2958 | D:4      | Gained mutation: You have large cloven feet. [demonic
                  | ancestry]
  2958 | D:4      | Reached XP level 6. HP: 24/51 MP: 6/10
  2958 | D:4      | Reached XP level 7. HP: 27/56 MP: 6/11
  3332 | D:4      | Found an ornate altar of the Wu Jian Council.
  3656 | D:4      | Found a burning altar of Makhleb.
  3656 | D:4      | Found a basalt altar of Yredelemnul.
  3761 | D:5      | Entered Level 5 of the Dungeon
  3763 | D:5      | Found a hide-covered altar of Uskayaw.
  3766 | D:5      | Found a sacrificial altar of Ru.
  3769 | D:5      | Found a snail-covered altar of Cheibriados.
  3769 | D:5      | Found an ancient bone altar of Kikubaaqudgha.
  3771 | D:5      | Found a radiant altar of Vehumet.
  3784 | D:5      | Found a shimmering altar of Xom.
  3856 | D:5      | Reached skill level 7 in Evocations
  3984 | D:5      | Gained mutation: You may emit foul miasma when damaged in
                  | melee. [demonic ancestry]
  3984 | D:5      | Reached XP level 8. HP: 49/62 MP: 13/13
  4142 | D:5      | Got a translucent spear
  4760 | D:6      | Found a stormy altar of Qazlal.
  4766 | D:6      | Noticed an air elemental
  4770 | D:6      | Found Cekias's Food Shoppe.
  4775 | D:6      | Reached skill level 1 in Shields
  4865 | D:6      | Noticed a manticore
  4945 | D:7      | Reached skill level 8 in Evocations
  5234 | D:7      | Gained mutation: You are surrounded by a moderate repulsion
                  | field. (EV +3) [demonic ancestry]
  5234 | D:7      | Reached XP level 9. HP: 39/68 MP: 15/15
  5467 | D:6      | Reached skill level 1 in Maces & Flails
  5472 | D:6      | Reached skill level 5 in Shields
  5477 | D:6      | Killed a manticore
  5862 | D:6      | Found a sparkling altar of Nemelex Xobeh.
  5988 | D:6      | Found a staircase to the Ecumenical Temple.
  5997 | Temple   | Entered the Ecumenical Temple
  6058 | Temple   | Became a worshipper of Warmaster Okawaru
  6227 | D:7      | Reached skill level 1 in Invocations
  6554 | D:7      | Found a transporter.
  6558 | D:7      | Noticed CheiIsBae's ghost (novice DsGl)
  6577 | D:7      | Noticed a moth of wrath
  6585 | D:7      | Killed a moth of wrath
  6585 | D:7      | Reached * piety under Okawaru
  6585 | D:7      | Reached skill level 5 in Maces & Flails
  6587 | D:7      | HP: 3/102 [crocodile (24)]
  6588 | D:7      | Reached XP level 10. HP: 3/74 MP: 16/16
  6593 | D:7      | Slain by CheiIsBae's ghost

Vault maps used:
D:1:      minmay_arrival_plants_in_alcoves, minivault_14
D:2:      elyvilon_altar_1, kennysheep_generic_room_12
D:3:      trog_three_pillars_becter
D:4:      nicolae_overflow_crystal_walls, gammafunk_temple_overflow_wave,
          first_ration, uniq_pikel
D:5:      grunt_temple_overflow_open, roderic_batcave,
          hangedman_abyss_or_decor_passed
D:6:      nicolae_qazlal_style_of_elements, minmay_temple_entry_fiery,
          serial_shops, nicolae_shop_temple_entry_statues_fountains,
          nemelex_dance_club_becter
D:7:      gammafunk_ghost_berserking_beasts
Temple:   jpeg_temple_alley_garden

Skill      XL: |  1  2  3  4  5  6  7  8  9 |
---------------+----------------------------+-----
Fighting       | 3 4 5 |  5.2
Evocations     | 6 7 8 |  8.3
Long Blades    | 4 |  4.8
Shields        | 4 6 |  6.5
Maces & Flails | 5 |  5.2
Invocations    | 3 |  3.6
Throwing       | |  1.7
Dodging        | |  2.6

Action                   |  1- 3 |  4- 6 |  7- 9 | 10-12 || total
-------------------------+-------+-------+-------+-------++-------
Melee: Long sword        |    79 |    66 |   109 |       ||   254
       Kick              |       |       |    69 |     3 ||    72
       Mace              |       |       |    65 |     5 ||    70
 Abil: Evoke Berserk Rag |       |     1 |     3 |       ||     4
Evoke: Wand              |       |       |     1 |       ||     1
  Use: Scroll            |     5 |     4 |     2 |       ||    11
       Potion            |       |       |     2 |       ||     2
 Stab: Paralysed         |       |       |     4 |       ||     4
  Eat: Chunk             |     2 |     4 |    15 |       ||    21
Armor: Leather armour    |    15 |       |       |       ||    15
       Scale mail        |    26 |    30 |    67 |     2 ||   125
Dodge: Dodged            |    64 |    46 |   142 |     2 ||   254
       Rpst.: Long sword |    13 |    11 |    23 |       ||    47

Table legend:
 A = Non-vault XP
 B = Vault XP
 C = Vault XP percentage of total XP
 D = Non-vault monster count
 E = Vault monster count
 F = Vault count percentage of total count
                 A         B        C        D         E       F
            +---------+---------+-------+---------+---------+-------
      Total |    3681 |    2031 |  35.6 |     136 |      17 |  11.1
            +---------+---------+-------+---------+---------+-------
        D:1 |      25 |       0 |   0.0 |      14 |       0 |   0.0
        D:2 |     131 |       3 |   2.2 |      23 |       1 |   4.2
        D:3 |      76 |       0 |   0.0 |      24 |       0 |   0.0
        D:4 |     171 |     685 |  80.0 |       3 |       1 |  25.0
        D:5 |     654 |      65 |   9.0 |      15 |       8 |  34.8
        D:6 |    1250 |     123 |   9.0 |      22 |       2 |   8.3
        D:7 |    1374 |    1155 |  45.7 |      35 |       5 |  12.5
            +---------+---------+-------+---------+---------+-------
